 Dungeon Crawl Stone Soup version 0.28.0-53-g5a82cb258f (webtiles) character file.

Game seed: 9378924539288005671

59 safid the Skirmisher (level 4, -4/40 HPs)
             Began as a Hill Orc Fighter on July 23, 2022.
             Was a Believer of Qazlal.
             Slain by a gnoll
             ... wielding a +1 spear of distortion
              (6 damage)
             ... on level 2 of the Dungeon.
             The game lasted 00:02:03 (1721 turns).

safid the Skirmisher (Hill Orc Fighter)             Turns: 1721, Time: 00:02:04

Health: -4/40      AC:  8    Str: 20    XL:     4   Next: 3%
Magic:  4/4        EV:  9    Int:  8    God:    Qazlal [**....]
Gold:   72         SH:  7    Dex: 10    Spells: 3/3 levels left

rFire   . . .      SeeInvis .   a - +0 war axe
rCold   . . .      Faith    .   c - +0 buckler
rNeg    . . .      Spirit   .   b - +0 scale mail
rPois   .          Reflect  .   (no helmet)
rElec   .          Harm     .   (no cloak)
rCorr   .          Rampage  .   n - +0 pair of gloves
Will    .....                   (no boots)
Stlth   ..........              (no amulet)
HPRegen 0.13/turn               (no ring)
MPRegen 0.09/turn               (no ring)

@: no status effects
A: no striking features
a: Renounce Religion, Upheaval


You were on level 2 of the Dungeon.
You worshipped Qazlal.
Qazlal was pleased with you.
You visited 1 branch of the dungeon, and saw 2 of its levels.

You collected 72 gold pieces.

Inventory:

Hand Weapons
 a - a +0 war axe (weapon)
Missiles
 o - 3 poisoned darts (quivered)
Armour
 b - a +0 scale mail (worn)
 c - a +0 buckler (worn)
 n - a +0 pair of gloves (worn)
Jewellery
 j - a ring of wizardry
 p - a ring of fire
Scrolls
 e - 4 scrolls of teleportation {unknown}
 h - 2 scrolls of fog {unknown}
 k - 2 scrolls of identify {unknown}
 l - a scroll of brand weapon {unknown}
 m - 2 scrolls of summoning {unknown}
Potions
 d - a potion of might
 f - a potion of haste {unknown}
 g - a potion of berserk rage {unknown}
 i - a potion of heal wounds {unknown}


   Skills:
 - Level 4.0 Fighting
 + Level 3.7 Axes
 + Level 3.9 Armour
 - Level 4.0 Shields


You had 3 spell levels left.
You didn't know any spells.
Your spell library was empty.

Dungeon Overview and Level Annotations

Branches:
Dungeon (2/15)

Altars:
Qazlal
The Shining One


Message History

Training target 4.0 for Shields reached!
Your Shields skill increases to level 4!
You have reached level 4!
You block the gnoll's attack. You block the hobgoblin's attack.
The gnoll hits you but does no damage.
You hit the gnoll but do no damage. You barely miss the hobgoblin.
The hobgoblin is struck by lightning.
You kill the hobgoblin!
Qazlal accepts your kill. The gnoll hits you but does no damage.
You slash the gnoll!
The gnoll is severely wounded.
The gnoll misses you. The gnoll barely misses you.
The gnoll hits you from afar with a +0 spear.
The gnoll hits you from afar with a +1 spear of distortion.
Space warps horribly around you!
You closely miss the gnoll.
The gnoll is severely wounded.
The gnoll barely misses you. The gnoll hits you but does no damage.
The gnoll hits you from afar with a +1 spear of distortion!
Space warps horribly around you!
* * * LOW HITPOINT WARNING * * *
You are too injured to fight recklessly!
You are too injured to fight recklessly!
You are too injured to fight recklessly!
You are too injured to fight recklessly!
You are too injured to fight recklessly!
You are too injured to fight recklessly!
You are too injured to fight recklessly!
You are too injured to fight recklessly!
You are too injured to fight recklessly!
You are too injured to fight recklessly!
You are too injured to fight recklessly!
You are too injured to fight recklessly!
You are too injured to fight recklessly!
You are too injured to fight recklessly!
You are too injured to fight recklessly!
Unknown command.
The gnoll hits you but does no damage. Space warps around you.
You die...

#.........# ### #...:.....# #..
#.........# #.. #.........# #..
#.........# #.. #.......g.# #..
###......g..# #..
#..........g######### #..
#..........@........# #..
######...................######..
.................................
######.........#.................
### #......####.................
..# #......# #.####..##........
..# #......# #.## ##.##........
..# #......# #..# #.##...###..
..####...#### ##.####.#...## #.#


You could see 3 gnolls.

Vanquished Creatures
  An adder (D:2)
  A worm (D:2)
  A dart slug (D:2)
  3 bats
  3 endoplasms
  2 giant cockroaches (D:2)
  5 goblins
  4 hobgoblins
  8 jackals
  A quokka (D:1)
  4 ball pythons
  2 frilled lizards
  2 kobolds
  3 rats (D:1)
  3 toadstools (D:1)
43 creatures vanquished.

Vanquished Creatures (others)
  A toadstool (D:1)
1 creature vanquished.

Grand Total: 44 creatures vanquished

Notes
Turn   | Place    | Note
-------+----------+-------------------------------------------
     0 | D:1      | safid the Hill Orc Fighter began the quest for the Orb.
     0 | D:1      | Reached XP level 1. HP: 19/19 MP: 1/1
   109 | D:1      | Noticed a shining eye
   111 | D:1      | Found a faded altar of an unknown god.
   112 | D:1      | Noticed a golden eye
   112 | D:1      | Noticed a shining eye
   112 | D:1      | Noticed an eye of devastation
   119 | D:1      | Reached XP level 2. HP: 20/27 MP: 2/2
   459 | D:1      | Prayed at the altar of an unknown god.
   459 | D:1      | Became a worshipper of Qazlal Stormbringer
   459 | D:1      | Reached * piety under Qazlal
  1108 | D:1      | Reached XP level 3. HP: 31/33 MP: 3/3
  1510 | D:2      | Reached ** piety under Qazlal
  1661 | D:2      | Found a glowing golden altar of the Shining One.
  1711 | D:2      | Reached XP level 4. HP: 40/40 MP: 4/4
  1716 | D:2      | HP: 1/40 [gnoll/+1 spear of distortion (14)]
  1721 | D:2      | Slain by a gnoll

Illustrated notes

Levels and vault maps discovered:
D:1:      ldierk_water_garden, layout_basic,
          hellmonk_ecumenical_altar_watching_god, hangedman_decor_push
D:2:      layout_rooms, basic_altar

Skill      XL: |  1  2  3 |
---------------+----------+-----
Axes           | 3 |  3.7
Fighting       | 4 |  4.0
Shields        | 4 |  4.0
Armour         | |  3.9

Action                   |  1- 3 |  4- 6 || total
-------------------------+-------+-------++-------
Melee: War axe           |    91 |     3 ||    94
Armor: Scale mail        |    59 |     4 ||    63
Dodge: Dodged            |    55 |     3 ||    58
Block: Buckler           |    38 |     2 ||    40
